 Dungeon Crawl Stone Soup version 0.24-a0-446-g87df7205b4 (webtiles) character file.

Game seed: 5051679889324697688

64419 nubinia the Stormcaller (level 15, -20/80 HPs)
             Began as a Tengu Air Elementalist on June 22, 2019.
             Was a High Priest of Sif Muna.
             Demolished by a tentacle (21 damage)
             ... attached to a kraken
             ... on level 1 of the Shoals on June 23, 2019.
             The game lasted 02:52:41 (30947 turns).

nubinia the Stormcaller (Tengu Air Elementalist)   Turns: 30947, Time: 02:52:41

Health: -20/80     AC: 14    Str:  9    XL:     15   Next: 13%
Magic:  8/40       EV: 14    Int: 18    God:    Sif Muna [*****.]
Gold:   1409       SH:  4    Dex: 16    Spells: 6/37 levels left

rFire    + . .     SeeInvis .   t - +8 mace of the Tables {crush, rF+ Dex-2 Stlth+}
rCold    . . .     Gourm    .   R - +0 buckler {AC+3}
rNeg     . . .     Faith    .   H - +0 troll leather armour
rPois    .         Spirit   .   V - +2 hat
rElec    .         Reflect  .   K - +2 cloak
rCorr    .         Harm     .   l - +1 pair of gloves
MR       +....                  (boots unavailable)
Stlth    +++.......             D - amulet of regeneration
HPRegen  1.03/turn              k - ring of magical power
MPRegen  0.27/turn              G - ring of wizardry

@: divine energy, deflect missiles
A: antennae 1, beak, talons 3, MP-powered wands, able to fly
a: Fly, Stop Divine Energy, Channel Magic, Forget Spell, Renounce Religion


You were on level 1 of the Shoals.
You worshipped Sif Muna.
Sif Muna was extremely pleased with you.
You were very hungry.

You visited 3 branches of the dungeon, and saw 20 of its levels.
You also visited: Sewer.

You collected 1409 gold pieces.

Inventory:

Hand Weapons
 e - a +3 short sword of electrocution
 t - the +8 mace of the Tables (weapon) {crush, rF+ Dex-2 Stlth+}
   (You found it on level 7 of the Dungeon)

   It inflicts extra damage upon your enemies.
   It affects your dexterity (-2).
   It protects you from fire.
   It makes you more stealthy.
Missiles
 h - 114 poisoned darts (quivered)
 y - 10 curare-tipped darts
Armour
 l - a +1 pair of gloves (worn)
 x - a +0 scale mail of cold resistance
 z - a +0 hat of see invisible
 H - a +0 troll leather armour (worn)
 K - a +2 cloak (worn)
 P - a +1 buckler of poison resistance
 Q - the +0 pair of gloves of Divine Intervention {rF+++}
   (You acquired it on level 11 of the Dungeon)

   It renders you almost immune to fire.
 R - a +0 buckler of protection (worn)
 S - a +0 ring mail of poison resistance
 V - a +2 hat (worn)
Jewellery
 k - a ring of magical power (left hand)
 o - an uncursed ring of resist corrosion
 w - a +1 ring of evasion
 B - an uncursed ring of stealth
 D - an amulet of regeneration (around neck)
 E - a +4 ring of strength
 G - a ring of wizardry (right hand)
 O - an uncursed amulet of magic regeneration
Wands
 a - a wand of disintegration (13)
 n - a wand of digging (2)
 u - a wand of random effects (24)
 F - a wand of acid (8)
 I - a wand of polymorph (7)
 T - a wand of flame (9)
 U - a wand of clouds (6)
 W - a wand of iceblast (4)
Scrolls
 d - 2 scrolls of fog
 f - 4 scrolls of enchant weapon
 p - 12 scrolls of remove curse
 q - a scroll of identify
 r - a scroll of brand weapon
 J - 7 scrolls of magic mapping
 L - 4 scrolls of teleportation
 N - 3 scrolls of fear
Potions
 b - 7 potions of heal wounds
 g - 3 potions of brilliance
 i - 8 potions of curing
 j - 2 potions of invisibility
 m - 2 potions of mutation
 s - 2 potions of might
 v - 2 potions of ambrosia
 A - 4 potions of haste
 C - 2 potions of cancellation
 M - a potion of lignification
 X - a potion of agility {unknown}
 Y - 2 potions of magic
Comestibles
 c - 41 rations


   Skills:
 + Level 4.0 Fighting
 - Level 1.8 Short Blades
 + Level 6.8 Maces & Flails
 + Level 1.2 Throwing
 + Level 2.1 Armour
 + Level 5.1 Dodging
 + Level 4.0 Stealth
 + Level 1.2 Shields
 - Level 0.5 Unarmed Combat
 + Level 11.8 Spellcasting
 * Level 14.0 Conjurations
 + Level 1.5 Charms
 + Level 6.3 Necromancy
 + Level 4.1 Fire Magic
 * Level 19.6 Air Magic


You had 6 spell levels left.
You knew the following spells:

 Your Spells              Type           Power        Failure   Level  Hunger
a - Shock                 Conj/Air       ####         0%          1    None
b - Airstrike             Air            ######....   1%          4    ##.....
c - Static Discharge      Conj/Air       ######..     1%          3    None
d - Flame Tongue          Conj/Fire      #####        1%          1    None
e - Throw Flame           Conj/Fire      #####.       1%          2    None
f - Force Lance           Conj/Tloc      #####...     3%          4    ##.....
g - Deflect Missiles      Chrm/Air       #####.....   11%         6    ######.
h - Dispel Undead         Necr           ####....     11%         5    ####...
s - Swiftness             Chrm/Air       #####...     1%          2    None
v - Vampiric Draining     Necr           ####......   1%          3    None

Your spell library contained the following spells:

 Spells                   Type           Power        Failure   Level  Hunger
 Sting                    Conj/Pois      ####         1%          1    None
 Corpse Rot               Necr           N/A          1%          2    None
 Sublimation of Blood     Necr           ####......   1%          2    None
 Dazzling Spray           Conj/Hex       #####.       1%          3    None
 Lightning Bolt           Conj/Air       ######....   1%          5    ####...
 Conjure Ball Lightning   Conj/Air       ######....   1%          6    ######.
 Bolt of Draining         Conj/Necr      #####.....   2%          5    ####...
 Silence                  Hex/Air        #####.....   2%          5    ####...
 Fireball                 Conj/Fire      #####.....   3%          5    ####...
 Apportation              Tloc           ##....       5%          1    None
 Beastly Appendage        Tmut           ##....       5%          1    None
 Corona                   Hex            ##.....      5%          1    None
 Blink                    Tloc           N/A          9%          2    None
 Ensorcelled Hibernation  Hex/Ice        ##....       9%          2    None
 Agony                    Necr           ####....     11%         5    ####...
 Ozocubu's Armour         Chrm/Ice       ##......     12%         3    None
 Confuse                  Hex            ##......     16%         3    None
 Lesser Beckoning         Tloc           ##........   16%         3    None
 Portal Projectile        Hex/Tloc       ##....       16%         3    None
 Recall                   Summ/Tloc      N/A          16%         3    None
 Tukima's Dance           Hex            ##......     16%         3    None
 Bolt of Fire             Conj/Fire      #####.....   19%         6    ######.
 Excruciating Wounds      Chrm/Necr      ###.......   28%         5    ####...
 Bolt of Cold             Conj/Ice       #####.....   41%         6    ######.
 Iron Shot                Conj/Erth      #####.....   41%         6    ######.
 Cause Fear               Hex            ##........   45%         4    ##.....
 Ice Form                 Ice/Tmut       ##......     45%         4    ##.....
 Passage of Golubria      Tloc           N/A          45%         4    ##.....
 Blade Hands              Tmut           ##........   78%         5    ####...
 Metabolic Englaciation   Hex/Ice        ##........   78%         5    ####...
 Orb of Destruction       Conj           ######....   14%         7    #######
 Chain Lightning          Conj/Air       ######....   32%         8    #######
 Haunt                    Necr/Summ      ###.......   100%        7    #######
 Glaciate                 Conj/Ice       #####.....   100%        9    #######


Dungeon Overview and Level Annotations

Branches:
Dungeon (12/15)            Temple (0/1) D:4            Lair (6/6) D:11
 Shoals (2/4) Lair:3        Snake (0/4) Lair:2        Slime (0/5) Lair:6
    Orc (0/2) D:9

Altars:
Cheibriados
Fedhas
Kikubaaqudgha
Makhleb
Qazlal
Ru
Sif Muna
Vehumet
Wu Jian
Xom
Zin
The Shining One
Jiyva

Shops:
D:8 :

Annotations:
D:8 Erica, Joseph
Shoals:1 3 runed translucent doors, Inquire's ghost, adept HOFi


Innate Abilities, Weirdness & Mutations

You have a beak for a mouth.
You have claws for feet.
You can fly continuously.
You have a pair of small antennae on your head.
You expend magic power (3 MP) to strengthen your wands.


Message History

You enter the shallow water.
Moving in this stuff is going to be slow.
Throwing (i - inventory. (/) - cycle)
h - 115 poisoned darts (quivered)
Press: ? - help, Shift-Dir - straight line, f - kraken
Aim: a kraken (water, heavily wounded, hasn't noticed you)
You throw a poisoned dart. The poisoned dart hits the kraken.
The kraken is poisoned.
The kraken is heavily wounded.
You hear a splash.
Tentacles burst out of the water! 4 tentacles come into view.
A tentacle segment bursts forth from the water. x2
The tentacle closely misses you. You block the tentacle's attack.
The tentacle slaps you! The tentacle slaps you. The tentacle slaps you!!
* * * LOW HITPOINT WARNING * * *
The tentacle misses you. The tentacle slaps you.
* * * LOW HITPOINT WARNING * * *
The tentacle slaps you!!
You die...

≈≈≈≈≈≈≈......##.≈≈..≈≈≈≈≈≈≈≈.....
≈≈≈≈≈≈≈≈≈.######.......≈≈≈..#####
≈≈≈≈≈≈..### #.#.......≈≈...###
≈≈≈≈≈≈≈.#####.......≈≈≈.####.####
≈≈≈≈≈....#.........#....# #.....
≈≈≈≈≈....#..≈......##...# ##.....
≈≈≈≈≈≈≈.(..>...(...########..≈≈≈≈
≈≈≈≈≈≈≈≈.......w...# #..≈≈≈≈≈
≈≈≈≈≈≈≈≈≈..≈≈.*w@..# ##.≈≈≈..
≈≈≈≈≈≈≈≈≈≈≈≈≈≈≈ww..## ##......
≈≈≈≈≈≈≈≈≈≈≈≈≈≈≈≈....## #....≈≈.
≈≈≈≈≈≈≈≈≈≈≈(≈≈≈≈≈...#########.##
≈≈≈≈≈≈≈≈≈≈≈≈≈≈≈≈≈≈≈.....##.######
≈≈≈≈≈≈≈≈≈≈≈X≈≈≈≈.≈≈............##
≈≈≈≈≈≈≈≈≈≈≈≈≈≈....≈≈.#.....≈≈≈...
≈≈≈≈≈≈≈≈≈≈≈≈..###..≈......≈≈≈≈≈..
≈≈≈≈≈≈≈≈≈≈≈≈..# ##.≈.....≈≈≈≈≈≈≈≈


You could see a kraken and 4 tentacles.

Vanquished Creatures
  Gastronok (Lair:2)
  A merfolk impaler (Shoals:1)
  A fire dragon (Lair:6)
  Erolcha (D:11)
  5 hydras
  2 catoblepae (Lair:6)
  2 merfolk avatars (Shoals:1)
  4 two-headed ogres
  4 death yaks (Lair:5)
  A sea snake (Shoals:1)
  2 unseen horrors
  Pikel (D:6)
  A lindwurm (Lair:6)
  3 harpies (Shoals:1)
  A cyclops (Shoals:1)
  5 manticores (Shoals:1)
  9 black mambas
  8 elephants
  A merfolk siren (Lair:3)
  3 molten gargoyles (Lair:6)
  2 water nymphs (Shoals:1)
  Maurice (D:11)
  A centaur skeleton (D:10)
  A torpor snail (Lair:5)
  16 spiny frogs
  3 rime drakes
  An efreet (D:10)
  9 komodo dragons
  A tengu conjurer (D:10)
  A queen bee (Lair:2)
  2 trolls
  3 merfolk (Shoals:1)
  3 wind drakes (Shoals:1)
  A slime creature (D:10)
  4 snapping turtles (Shoals:1)
  6 dream sheep
  12 blink frogs
  7 hippogriffs
  A water elemental (Shoals:1)
  5 wyverns
  4 basilisks
  A steam dragon (Lair:6)
  Grum (D:8)
  3 hogs (D:7)
  26 yaks
  A human (D:7)
  2 hungry ghosts
  3 nagas (Lair:2)
  Edmund (D:5)
  A soldier ant (D:10)
  16 water moccasins
  11 porcupines
  4 hell hounds (Lair:6)
  2 ice beasts
  2 orc warriors (D:6)
  A black bear (Lair:1)
  3 sky beasts
  4 ogres
  A necrophage (D:10)
  9 centaurs
  14 wolves
  4 phantoms
  10 crocodiles
  4 big kobolds
  15 bullfrogs
  A gnoll sergeant (D:6)
  A wyvern skeleton (D:10)
  7 scorpions
  32 killer bees
  5 howler monkeys
  An electric eel (Lair:6)
  3 crimson imps
  3 quasits
  2 bullfrog zombies
  5 lava snakes (Lair:6)
  2 centaur zombies
  3 bullfrog skeletons
  4 orc priests
  Terence (D:3)
  5 hounds
  3 jellies
  8 orc wizards
  Jessica (D:2)
  Ijyb (D:3)
  4 iguanas
  9 worker ants
  A hound skeleton (D:8)
  Robin (D:4)
  2 worker ant zombies
  12 gnolls
  17 adders
  3 river rats (Sewer)
  4 shadow imps
  2 oozes
  An adder skeleton (D:4)
  A worm (D:3)
  2 dart slugs
  9 leopard geckos
  34 orcs
  8 giant cockroaches
  14 goblins
  11 hobgoblins
  10 jackals
  29 kobolds
  6 quokkas
  11 ball pythons
  6 bats
  5 frilled lizards
  A quokka skeleton (D:5)
  A quokka zombie (D:9)
  27 rats
  A tentacle (Shoals:1)
599 creatures vanquished.

Vanquished Creatures (collateral kills)
  An elephant (Lair:6)
  A steam dragon (Lair:6)
  A hell hound (Lair:6)
  A crocodile (Lair:6)
4 creatures vanquished.

Vanquished Creatures (others)
  A slave (D:6)
  A centaur (D:11)
  A bullfrog zombie (D:10)
  A worker ant (D:6)
  2 orcs (D:6)
  11 fungi
  5 plants
  25 tentacles (Shoals:1)
47 creatures vanquished.

Grand Total: 650 creatures vanquished

Notes
Turn   | Place    | Note
-------+----------+-------------------------------------------
     0 | D:1      | nubinia the Tengu Air Elementalist began the quest for the
                  | Orb.
     0 | D:1      | Reached XP level 1. HP: 10/10 MP: 4/4
   179 | D:1      | Reached XP level 2. HP: 14/15 MP: 0/6
   433 | D:1      | Learned a level 2 spell: Swiftness
   835 | D:1      | Reached XP level 3. HP: 19/19 MP: 4/7
  1211 | D:2      | Found a glowing golden altar of the Shining One.
  1243 | D:2      | Found a sacrificial altar of Ru.
  1268 | D:2      | Reached skill level 5 in Air Magic
  1449 | D:2      | Reached XP level 4. HP: 24/24 MP: 0/8
  1899 | D:2      | Found a deep blue altar of Sif Muna.
  1899 | D:2      | Found a stormy altar of Qazlal.
  1900 | D:2      | Found a snail-covered altar of Cheibriados.
  1905 | D:2      | Became a worshipper of Sif Muna the Loreminder
  1915 | D:2      | Found a shimmering altar of Xom.
  2054 | D:2      | Found a burning altar of Makhleb.
  2125 | D:2      | Noticed Jessica
  2267 | D:2      | Killed Jessica
  2701 | D:3      | Noticed Ijyb
  2769 | D:3      | Gained mutation: You can fly continuously. [Tengu growth]
  2769 | D:3      | Reached XP level 5. HP: 17/28 MP: 3/10
  2830 | D:3      | Found an ornate altar of the Wu Jian Council.
  2832 | D:3      | Found a glowing silver altar of Zin.
  2946 | D:3      | Found a radiant altar of Vehumet.
  3008 | D:3      | Found a glowing drain.
  3029 | Sewer    | Entered a sewer
  3231 | Sewer    | Noticed a big kobold
  3299 | Sewer    | Killed a big kobold
  3299 | Sewer    | Reached * piety under Sif Muna
  3299 | Sewer    | Reached skill level 6 in Air Magic
  3299 | Sewer    | Reached XP level 6. HP: 29/32 MP: 1/12
  3410 | Sewer    | Gained mutation: Your body sometimes deteriorates upon
                  | taking damage. [potion of mutation]
  3410 | Sewer    | Gained mutation: Your mind is acute. (Int +2) [potion of
                  | mutation]
  3411 | Sewer    | Lost mutation: Your body sometimes deteriorates upon taking
                  | damage. [potion of mutation]
  3411 | Sewer    | Lost mutation: Your mind is acute. (Int +2) [potion of
                  | mutation]
  3411 | Sewer    | Gained mutation: You expend magic power (3 MP) to
                  | strengthen your wands. [potion of mutation]
  3411 | Sewer    | Gained mutation: You have a pair of small antennae on your
                  | head. [potion of mutation]
  3502 | Sewer    | Learned a level 3 spell: Static Discharge
  3507 | Sewer    | Learned a level 4 spell: Airstrike
  4433 | D:3      | Killed Ijyb
  4673 | D:3      | Noticed Terence
  4677 | D:3      | Killed Terence
  4972 | D:4      | Reached XP level 7. HP: 36/36 MP: 13/13
  5157 | D:4      | Found a staircase to the Ecumenical Temple.
  5524 | D:4      | Reached skill level 7 in Air Magic
  5543 | D:4      | Noticed Robin
  5546 | D:4      | Killed Robin
  5546 | D:4      | Reached skill level 5 in Conjurations
  5737 | D:4      | Reached skill level 1 in Short Blades
  5888 | D:4      | You are sucked into a shaft and drop 1 floor!
  5888 | D:5      | Entered Level 5 of the Dungeon
  5939 | D:5      | Reached ** piety under Sif Muna
  6457 | D:5      | Found a blossoming altar of Fedhas.
  6458 | D:5      | Found an ancient bone altar of Kikubaaqudgha.
  6498 | D:5      | Reached XP level 8. HP: 42/42 MP: 15/15
  6589 | D:5      | Reached skill level 8 in Air Magic
  7190 | D:5      | Noticed Edmund
  7381 | D:5      | Killed Edmund
  7381 | D:5      | Reached skill level 5 in Spellcasting
  7801 | D:6      | Reached skill level 1 in Fighting
  7802 | D:6      | Noticed Pikel
  7807 | D:6      | Killed Pikel
  7807 | D:6      | Reached *** piety under Sif Muna
  7807 | D:6      | Reached skill level 1 in Maces & Flails
  7807 | D:6      | Reached skill level 9 in Air Magic
  7807 | D:6      | Reached XP level 9. HP: 46/47 MP: 4/18
  7885 | D:6      | Reached skill level 10 in Air Magic
  9081 | D:7      | Reached skill level 11 in Air Magic
  9654 | D:7      | Reached **** piety under Sif Muna
  9876 | D:7      | Reached XP level 10. HP: 53/53 MP: 13/20
 10041 | D:7      | Reached skill level 12 in Air Magic
 10296 | D:7      | Identified the +8 mace of the Tables {crush, rF+ Dex-2
                  | Stlth+} (You found it on level 7 of the Dungeon)
 10765 | D:8      | Noticed Erica
 10970 | D:8      | Noticed Grum
 11218 | D:8      | Noticed a two-headed ogre
 11233 | D:8      | Killed a two-headed ogre
 11394 | D:8      | Killed Grum
 11394 | D:8      | Reached skill level 5 in Maces & Flails
 11581 | D:8      | Found Sasiol's Book Emporium.
 11661 | D:8      | Noticed Joseph
 12374 | D:9      | Noticed a two-headed ogre
 12400 | D:9      | Reached ***** piety under Sif Muna
 12600 | D:9      | Killed a two-headed ogre
 12600 | D:9      | Identified Sif Muna's Disquisition on Stolen Souls (Sif
                  | Muna gifted it to you on level 9 of the Dungeon)
 12600 | D:9      | Received a gift from Sif Muna
 12600 | D:9      | Reached skill level 13 in Air Magic
 12783 | D:9      | Reached XP level 11. HP: 60/60 MP: 18/23
 13120 | D:9      | Found a staircase to the Orcish Mines.
 13191 | D:9      | You are sucked into a shaft and drop 1 floor!
 13191 | D:10     | Entered Level 10 of the Dungeon
 13508 | D:10     | Noticed a two-headed ogre
 13516 | D:10     | Killed a two-headed ogre
 13516 | D:10     | Reached skill level 14 in Air Magic
 14678 | D:10     | Killed an unseen horror
 14928 | D:10     | Reached skill level 10 in Conjurations
 15823 | D:10     | Identified Sif Muna's Papyrus of the Warped Frostbite (Sif
                  | Muna gifted it to you on level 10 of the Dungeon)
 15823 | D:10     | Received a gift from Sif Muna
 15830 | D:10     | Learned a level 4 spell: Force Lance
 16135 | D:11     | Noticed a two-headed ogre
 16225 | D:11     | Noticed Erolcha
 16268 | D:11     | Noticed Maurice
 16323 | D:11     | Reached skill level 15 in Air Magic
 16328 | D:11     | Killed Maurice
 16652 | D:11     | Reached XP level 12. HP: 27/64 MP: 25/25
 17137 | D:11     | Killed a two-headed ogre
 17248 | D:11     | Identified 3 scrolls of acquirement
 17249 | D:11     | Got a pair of warped gloves
 17260 | D:11     | Identified the +0 pair of gloves of Divine Intervention
                  | {rF+++} (You acquired it on level 11 of the Dungeon)
 17284 | D:11     | Found a staircase to the Lair.
 18313 | D:11     | Killed Erolcha
 18479 | D:11     | Identified the Reference Book on the Unstable Oath
 18571 | Lair:1   | Entered Level 1 of the Lair of Beasts
 18606 | Lair:1   | Noticed a five-headed hydra
 18704 | Lair:1   | Killed a five-headed hydra
 18704 | Lair:1   | Reached skill level 16 in Air Magic
 19236 | Lair:1   | Learned a level 3 spell: Vampiric Draining
 19278 | Lair:1   | Reached skill level 1 in Necromancy
 19390 | D:11     | Identified Sif Muna's Grimoire of Ignition and Orientation
                  | (Sif Muna gifted it to you on level 11 of the Dungeon)
 19390 | D:11     | Received a gift from Sif Muna
 19418 | D:11     | Learned a level 1 spell: Flame Tongue
 19552 | Lair:1   | Noticed an eight-headed hydra
 19559 | Lair:1   | Killed an eight-headed hydra
 19559 | Lair:1   | Reached skill level 1 in Fire Magic
 20112 | Lair:1   | Noticed a four-headed hydra
 20120 | Lair:1   | Killed a four-headed hydra
 20120 | Lair:1   | Reached skill level 1 in Armour
 20120 | Lair:1   | Reached XP level 13. HP: 55/69 MP: 6/27
 20243 | Lair:1   | Reached skill level 10 in Spellcasting
 20616 | Lair:1   | Upgraded the game from 0.24-a0-445-gd5110b030a to
                  | 0.24-a0-446-g87df7205b4
 20683 | Lair:2   | Noticed Gastronok
 20997 | Lair:2   | Found a staircase to the Snake Pit.
 21166 | Lair:2   | Reached skill level 17 in Air Magic
 22469 | Lair:2   | Learned a level 2 spell: Throw Flame
 22544 | Lair:2   | Killed Gastronok
 22544 | Lair:2   | Identified Wilap Hyecs's Collected Works on Aerial
                  | Summoning (Sif Muna gifted it to you on level 2 of the Lair
                  | of Beasts)
 22544 | Lair:2   | Received a gift from Sif Muna
 22553 | Lair:2   | Learned a level 6 spell: Deflect Missiles
 22728 | Lair:3   | Reached skill level 1 in Charms
 23082 | Lair:3   | Found a staircase to the Shoals.
 24603 | Lair:5   | Reached skill level 18 in Air Magic
 24606 | Lair:5   | Reached XP level 14. HP: 25/75 MP: 29/29
 25150 | Lair:6   | Entered Level 6 of the Lair of Beasts
 26005 | Lair:6   | Reached skill level 5 in Necromancy
 26024 | Lair:6   | Reached skill level 1 in Shields
 26178 | Lair:6   | Found a viscous altar of Jiyva.
 26179 | Lair:6   | Found a staircase to the Slime Pits.
 26247 | Lair:6   | Identified Rorr's Grimoire of the Harmful Snowflakes (Sif
                  | Muna gifted it to you on level 6 of the Lair of Beasts)
 26247 | Lair:6   | Received a gift from Sif Muna
 26497 | Lair:6   | Reached skill level 5 in Dodging
 27415 | Lair:6   | Found a large runed translucent door.
 27415 | Lair:6   | Found a large runed translucent door.
 28170 | Lair:6   | Reached skill level 19 in Air Magic
 28423 | Shoals:1 | Entered Level 1 of the Shoals
 28899 | Shoals:1 | Reached skill level 1 in Throwing
 28920 | Shoals:1 | Found a runed translucent gate.
 29027 | Shoals:1 | Found a runed translucent gate.
 29028 | Shoals:1 | Found a runed translucent gate.
 29361 | Shoals:1 | Noticed Inquire's ghost (adept HOFi)
 29381 | Shoals:1 | Learned a level 5 spell: Dispel Undead
 29436 | Shoals:1 | You are sucked into a shaft and drop 1 floor!
 29967 | Shoals:1 | Reached XP level 15. HP: 80/80 MP: 27/31
 29971 | Shoals:1 | Received a gift from Sif Muna
 30786 | Shoals:1 | Noticed a kraken
 30946 | Shoals:1 | HP: 3/80 [tentacle[a kraken] (22)]
 30947 | Shoals:1 | HP: 1/80 [tentacle[a kraken] (3)]
 30947 | Shoals:1 | Demolished by a tentacle

Levels and vault maps discovered:
D:1:      lemuel_arrival_broad_hall, layout_loops_ring,
          minmay_misc_feat_nine_boxes
D:2:      layout_loops_cross, old_standard_altar,
          nicolae_overflow_quartered_altars, grunt_temple_overflow_open,
          uniq_jessica
D:3:      layout_loops_ring, chequers_temple_overflow_statue_of_worship,
          vehumet_crystals, first_ration, portal_sewer_entry_f, uniq_terence,
          uniq_ijyb
D:4:      layout_loops_corners, minmay_temple_entry_antechambers, uniq_robin
D:5:      layout_basic, grunt_temple_overflow_growth_and_decay, uniq_edmund
D:6:      layout_basic, minivault_23, hex_large, uniq_pikel
D:7:      layout_loops_ring, chequers_serial_rivers_micro_a, grunt_livestock
D:8:      layout_gridville, serial_shops, shop, uniq_grum, uniq_erica,
          uniq_joseph
D:9:      layout_long_grid, orc_0_dummy
D:10:     minmay_quarter_circles, layout_layer_cave
D:11:     layout_irregular_city, lair_entry_dummy, minivault_10, uniq_erolcha,
          uniq_maurice
D:12:     layout_cave_pods, ebering_ghost_gozag, basic_altar, minivault_29
Lair:1:   layout_long_grid, beast_lair_carwin_8
Lair:2:   layout_roguey, minmay_snake_entry_guardpost_small, special_room
          [special_room_bee], ldierk_geyser, eino_small_chamber_without_monster,
          uniq_gastronok
Lair:3:   layout_loops_ring, minmay_shoals_entry_centaurs, serial_bayou_pond_e
Lair:4:   layout_misc_corridors, guppyfry_lair_drakes
Lair:5:   layout_cave_shapes, lemuel_fruit_fields, serial_bayou_shore_b,
          infiniplex_staircase_pool_2
Lair:6:   cheibrodos_lair_end_hotspot, layout_regular_city,
          dpeg_slime_entry_enclosed_altar, serial_forest,
          infiniplex_forest_straight_4, infiniplex_forest_lined_room_2,
          infiniplex_forest_lined_1, infiniplex_forest_lined_2,
          infiniplex_forest_clump_medium, chequers_serial_rivers_micro_a,
          infiniplex_staircase_pool
Shoals:1: layout_shoals, ebering_ghost_rock_garden
Shoals:2: layout_shoals, serial_shops, shop

Skill      XL: |  1  2  3  4  5  6  7  8  9 10 11 12 13 14 15 |
---------------+----------------------------------------------+-----
Conjurations   | 2 3 4 5 7 8 9 10 11 12 13 14 | 14.0
Air Magic      | 5 6 7 9 11 13 15 16 18 19 | 19.6
Spellcasting   | 3 4 5 6 7 8 9 10 11 | 11.8
Short Blades   | 1 |  1.8
Dodging        | 3 4 5 |  5.1
Fighting       | 1 3 4 |  4.0
Maces & Flails | 1 3 5 6 |  6.8
Stealth        | 3 4 |  4.0
Necromancy     | 2 4 6 |  6.3
Fire Magic     | 2 4 |  4.1
Armour         | 1 2 |  2.1
Charms         | 1 |  1.5
Shields        | 1 |  1.2
Throwing       | 1 |  1.2
Unarmed Combat | |  0.5

Action                   |  1- 3 |  4- 6 |  7- 9 | 10-12 | 13-15 || total
-------------------------+-------+-------+-------+-------+-------++-------
Melee: Unarmed           |    30 |       |       |     2 |       ||    32
       Kick              |     4 |     5 |    27 |    81 |   139 ||   256
       Peck              |     4 |     4 |    19 |    47 |    93 ||   167
       Short sword       |       |    50 |    45 |       |       ||    95
       Punch             |       |     1 |       |       |       ||     1
       Dire flail        |       |       |    76 |    30 |       ||   106
       Mace              |       |       |       |   331 |   453 ||   784
Throw: Dart              |       |       |       |       |    58 ||    58
 Cast: Shock             |    61 |   131 |   183 |   249 |   110 ||   734
       Static Discharge  |       |     4 |     6 |    13 |    32 ||    55
       Airstrike         |       |     2 |    33 |   170 |   332 ||   537
       Deflect Missiles  |       |       |       |       |     3 ||     3
       Vampiric Draining |       |       |       |       |    37 ||    37
       Throw Flame       |       |       |       |       |    37 ||    37
       Flame Tongue      |       |       |       |       |     2 ||     2
Invok: Divine Energy     |       |     1 |       |       |       ||     1
 Abil: Fly               |       |     1 |       |       |     2 ||     3
       Stop Flying       |       |       |       |       |     3 ||     3
Evoke: Wand              |       |       |       |     1 |    27 ||    28
  Use: Scroll            |     1 |     6 |     7 |    16 |    14 ||    44
       Potion            |       |     3 |       |     5 |     4 ||    12
 Stab: Sleeping          |       |     4 |       |     9 |     5 ||    18
       Distracted        |       |       |       |       |     1 ||     1
  Eat: Chunk             |     2 |     9 |    19 |    43 |    45 ||   118
       Ration            |       |     1 |       |     1 |     2 ||     4
Armor: Robe              |     6 |     6 |    22 |    87 |       ||   121
       Troll leather arm |       |       |       |    15 |   180 ||   195
       Ring mail         |       |       |       |     2 |       ||     2
Dodge: Dodged            |    23 |    46 |    93 |   321 |   452 ||   935
       Deflected         |       |       |       |       |    11 ||    11
Block: Buckler           |       |       |       |    13 |   128 ||   141

Table legend:
 A = Non-vault XP
 B = Vault XP
 C = Vault XP percentage of total XP
 D = Non-vault monster count
 E = Vault monster count
 F = Vault count percentage of total count
                 A         B        C        D         E       F
            +---------+---------+-------+---------+---------+-------
      Total |   70540 |   21488 |  23.3 |     429 |     173 |  28.7
            +---------+---------+-------+---------+---------+-------
        D:1 |      45 |       0 |   0.0 |      23 |       0 |   0.0
        D:2 |      77 |      37 |  32.5 |      15 |       1 |   6.2
        D:3 |      90 |      90 |  50.0 |      19 |       7 |  26.9
        D:4 |     490 |      40 |   7.5 |      29 |      13 |  31.0
        D:5 |     481 |     158 |  24.7 |      18 |       1 |   5.3
        D:6 |    1046 |     651 |  38.4 |      26 |       1 |   3.7
        D:7 |    1544 |    1091 |  41.4 |      26 |       6 |  18.8
        D:8 |    1312 |     309 |  19.1 |      14 |       2 |  12.5
        D:9 |    2844 |     213 |   7.0 |      30 |       1 |   3.2
       D:10 |    3434 |    3010 |  46.7 |      35 |      23 |  39.7
       D:11 |    5637 |    1586 |  22.0 |      30 |       3 |   9.1
       D:12 |     202 |       0 |   0.0 |       3 |       0 |   0.0
     Lair:1 |    7883 |    1965 |  20.0 |      28 |       9 |  24.3
     Lair:2 |    7141 |    4227 |  37.2 |      25 |      26 |  51.0
     Lair:3 |    2408 |     326 |  11.9 |       9 |       3 |  25.0
     Lair:4 |    4806 |     286 |   5.6 |      22 |       2 |   8.3
     Lair:5 |    6240 |       0 |   0.0 |      14 |       0 |   0.0
     Lair:6 |   10811 |    7307 |  40.3 |      31 |      27 |  46.6
   Shoals:1 |   13046 |       0 |   0.0 |      28 |       0 |   0.0
   Shoals:2 |    1003 |       0 |   0.0 |       4 |       0 |   0.0
      Sewer |       0 |     192 | 100.0 |       0 |      48 | 100.0
            +---------+---------+-------+---------+---------+-------
